 Dungeon Crawl Stone Soup version 0.30-a0-629-gd54f4be4f7 (webtiles) character file.

Game seed: 17098791443949496787

146 pokeman the Magician (level 5, -1/29 HPs)
             Began as a Deep Elf Hedge Wizard on Jan 12, 2023.
             Slain by a goblin
             ... wielding a +0 dagger
             ... led by Robin
              (3 damage)
             ... on level 3 of the Dungeon.
             The game lasted 00:07:42 (2195 turns).

pokeman the Magician (Deep Elf Hedge Wizard)        Turns: 2195, Time: 00:07:42

Health: -1/29      AC:  3    Str:  7    XL:     5   Next: 7%
Magic:  10/15      EV: 13    Int: 21    God:
Gold:   137        SH:  0    Dex: 14    Spells: 5/16 levels left

rFire   . . .      SeeInvis .    w - +3 dagger (venom)
rCold   . . .      Faith    .    (no shield)
rNeg    . . .      Spirit   .    b - +0 robe
rPois   .          Reflect  .    c - +0 hat
rElec   .          Harm     .    (no cloak)
rCorr   .          Rampage  .    p - +0 pair of gloves
Will    .....                    (no boots)
Stlth   ++                       i - amulet of magic regeneration
HPRegen 0.24/turn                (no ring)
MPRegen 0.54/turn                (no ring)

@: on blink cooldown
A: no striking features
a: no special abilities


You were on level 3 of the Dungeon.
You visited 1 branch of the dungeon, and saw 3 of its levels.

You collected 170 gold pieces.
You spent 33 gold pieces at shops.

Inventory:

Hand Weapons
 w - a +3 dagger of venom (weapon)
Armour
 b - a +0 robe (worn)
 c - a +0 hat (worn)
 p - a +0 pair of gloves (worn)
Jewellery
 i - an amulet of magic regeneration (around neck)
 m - an amulet of guardian spirit
Wands
 q - a wand of flame (15)
 v - a wand of acid (10)
Scrolls
 j - 5 scrolls of identify {unknown}
 k - a scroll of torment {unknown}
 n - 2 scrolls of noise {unknown}
 o - 2 scrolls of enchant armour {unknown}
 r - a scroll of vulnerability {unknown}
 u - a scroll of enchant weapon {unknown}
Potions
 a - 2 potions of ambrosia {unknown}
 d - 2 potions of magic
 e - 3 potions of degeneration {unknown}
 f - 3 potions of curing
 h - a potion of flight {unknown}
 l - a potion of lignification {unknown}
 s - 2 potions of heal wounds {unknown}
 t - a potion of haste {unknown}


   Skills:
 - Level 1.0 Fighting
 - Level 1.0 Armour
 + Level 2.9 Dodging
 - Level 3.0 Stealth
 * Level 6.1 Spellcasting
 + Level 2.5 Conjurations
 - Level 1.1 Summonings
 - Level 1.1 Translocations
 + Level 0.0 Evocations


You had 5 spell levels left.
You knew the following spells:

 Your Spells              Type           Power      Damage    Failure   Level
a - Magic Dart            Conj           68%        1d6       3%          1
b - Mephitic Cloud        Conj/Pois/Air  9%         N/A       21%         3
c - Call Imp              Summ           11%        N/A       10%         2
d - Blink                 Tloc           22%        N/A       10%         2
e - Stone Arrow           Conj/Erth      22%        3d8       17%         3

Your spell library contained the following spells:

 Spells                   Type           Power      Damage    Failure   Level
 Beastly Appendage        Tmut           12%        N/A       10%         1
 Sandblast                Erth           12%        2d6       10%         1
 Slow                     Hex            24%        N/A       10%         1
 Cigotuvi's Dreadful Rot  Necr/Pois/Air  12%        N/A       14%         2
 Passwall                 Tmut/Erth      5%         N/A       14%         2
 Wereblood                Tmut           6%         N/A       14%         2
 Ignite Poison            Fire/Tmut/Pois 6%         N/A       28%         3
 Spider Form              Tmut/Pois      6%         N/A       28%         3
 Sticky Flame             Conj/Fire      11%        2d3       50%         4
 Ignition                 Fire           3%         3d4       100%        8


Dungeon Overview and Level Annotations

Branches:
Dungeon (3/15)

Altars:
Yredelemnul

Shops:
D:1 [:(*=

Annotations:
D:3 Robin


Message History

You feel sick. The goblin hits you with a +0 club.
The goblin attacks as you move away! The goblin hits you with a +0 club.
The goblin attacks as you move away!
The goblin unwields a +0 sling.
The goblin wields a +0 dagger.
The goblin hits you with a +0 dagger.
You feel sick.
You hit the goblin.
You kill the goblin!
You feel sick.
You closely miss the goblin.
You feel sick. The goblin closely misses you.
You hit the goblin.
The goblin is severely wounded.
You feel sick.
Robin roars a battlecry!
The goblins go into a battle-frenzy!
The goblin barely misses you.
You hit the goblin.
You kill the goblin!
You feel sick.
You are no longer poisoned.
Casting: Magic Dart (safe; 3% risk of failure)
Confirm with . or Enter, or press ? or * to list all spells.
A beastly little devil appears in a puff of flame.
The goblin hits you with a +0 club.
* * * LOW HITPOINT WARNING * * *
You swap places.
Robin throws the goblin at you!
The goblin hits your crimson imp with a +0 club.
The goblin barely misses you.
Your crimson imp barely misses the goblin.
Casting: Call Imp (safe; 10% risk of failure)
Confirm with . or Enter, or press ? or * to list all spells.
You blink.
A goblin comes into view. It is wielding a +0 dagger.
The goblin shouts!
Robin throws the goblin at you! The goblin hits you but does no damage.
The goblin closely misses you. The goblin hits you with a +0 club.
* * * LOW HITPOINT WARNING * * *
There is an open gate here.
Robin throws the goblin at you! The goblin hits you with a +0 dagger.
You die...

.......'.##..
#...##############
#...# #.#####
#...# #.#...#
#...# ##......
#..)# #.......
#)..# #.......
#.g.# ####.......
#@..# ##....#.....
#g')###..#####...#
#..g5)g.##########
##...#####........
###.# #........
###..#####........
#.................
#.......##........
#......###........


You could see Robin, 3 goblins and a friendly crimson imp (summoned).

Vanquished Creatures
  Terence (D:2)
  Ijyb (D:3)
  2 adders (D:2)
  A worm (D:3)
  3 dart slugs
  8 bats
  7 endoplasms
  4 giant cockroaches
  13 goblins
  5 hobgoblins
  3 jackals (D:2)
  4 kobolds
  2 quokkas (D:1)
  5 ball pythons
  8 frilled lizards
67 creatures vanquished.

Vanquished Creatures (others)
  A plant (D:1)
1 creature vanquished.

Grand Total: 68 creatures vanquished

Notes
Turn   | Place    | Note
-------+----------+-------------------------------------------
     0 | D:1      | pokeman the Deep Elf Hedge Wizard began the quest for the
                  | Orb.
     0 | D:1      | Reached XP level 1. HP: 10/10 MP: 7/7
   114 | D:1      | Found Ben Cim's Book Shop.
   179 | D:1      | Reached XP level 2. HP: 15/15 MP: 1/9
   487 | D:1      | Found Wedyizott's Antique Armour Boutique.
   497 | D:1      | Found Ephagg's Weapon Shoppe.
   767 | D:1      | Found Asoanga's General Store.
   775 | D:1      | Reached skill level 5 in Spellcasting
   786 | D:1      | Bought a potion of curing for 33 gold pieces
   793 | D:1      | Found Hateorgh's Jewellery Shoppe.
   837 | D:1      | Reached XP level 3. HP: 20/20 MP: 9/11
   841 | D:1      | Learned a level 3 spell: Mephitic Cloud
   844 | D:1      | Learned a level 2 spell: Call Imp
   847 | D:1      | Learned a level 2 spell: Blink
  1118 | D:2      | Noticed Terence
  1159 | D:2      | Killed Terence
  1160 | D:2      | Reached skill level 1 in Fighting
  1160 | D:2      | Reached skill level 1 in Armour
  1263 | D:2      | Learned a level 3 spell: Stone Arrow
  1273 | D:2      | Reached XP level 4. HP: 25/25 MP: 8/13
  1885 | D:3      | Found a basalt altar of Yredelemnul.
  2093 | D:3      | Noticed Ijyb
  2097 | D:3      | Killed Ijyb
  2098 | D:3      | Reached skill level 6 in Spellcasting
  2098 | D:3      | Reached XP level 5. HP: 29/29 MP: 3/15
  2180 | D:3      | Noticed Robin
  2195 | D:3      | Slain by a goblin

Illustrated notes

Levels and vault maps discovered:
D:1:      scummos_arrival_forest, layout_basic, serial_shops,
          nicolae_square_shop, nicolae_diamond_shop,
          nicolae_shop_overgrown_old_shop, nicolae_diamond_shop,
          nicolae_shop_bloodbath_and_beyond, minmay_misc_feat_nine_boxes
D:2:      layout_loops_ring, uniq_terence
D:3:      layout_rooms, mainiacjoe_overflow_cross_hatched,
          kennysheep_cross_bottleneck, skrybe_limestone_x, uniq_robin, uniq_ijyb

Skill      XL: |  1  2  3  4 |
---------------+-------------+-----
Spellcasting   | 5 6 |  6.1
Fighting       | 1 |  1.0
Armour         | 1 |  1.0
Conjurations   | 2 |  2.5
Stealth        | 3 |  3.0
Dodging        | |  2.9
Summonings     | |  1.1
Translocations | |  1.1

Action                   |  1- 3 |  4- 6 || total
-------------------------+-------+-------++-------
Melee: Long sword        |     8 |     4 ||    12
       Dagger            |       |     4 ||     4
 Cast: Magic Dart        |    84 |    69 ||   153
       Mephitic Cloud    |     2 |     1 ||     3
       Call Imp          |     2 |     1 ||     3
       Stone Arrow       |       |     2 ||     2
       Blink             |       |     1 ||     1
Armor: Robe              |     7 |     7 ||    14
Dodge: Dodged            |    10 |    22 ||    32

Table legend: (Time is in decaauts)
 A = Elapsed time spent in this place.
 B = Non-inter-level travel time spent in this place.
 C = Inter-level travel time spent in this place.
 D = Time resting spent in this place.
 E = Time spent auto-exploring this place.
 F = Levels seen in this place.
 G = Mean time per level.
                   A        B        C        D        E       F      G
               +--------+--------+--------+--------+--------+-----+--------+
         Total |   2198 |   2186 |     12 |      0 |   1798 |   3 |  732.7 |
       Dungeon |   2198 |   2186 |     12 |      0 |   1798 |   3 |  732.7 |
               +--------+--------+--------+--------+--------+-----+--------+

Top non-repeatable levels by time:
     D:1: 1076 daAuts
     D:2: 732 daAuts
     D:3: 389 daAuts
